 Dungeon Crawl Stone Soup version 0.21.1-1-g345015fe64 (webtiles) character file.

3798 Nattfarinn the Zephyrmancer (level 10, -1/75 HPs)
             Began as a Tengu Air Elementalist on May 6, 2018.
             Slain by a shadow imp (4 damage)
             ... on level 7 of the Dungeon.
             The game lasted 00:29:58 (11214 turns).

Nattfarinn the Zephyrmancer (TeAE)                 Turns: 11214, Time: 00:29:58

Health: -1/75      AC:  5    Str: 13    XL:     10   Next: 17%
Magic:  2/24       EV: 14    Int: 19    God:
Gold:   343        SH:  0    Dex: 15    Spells: 17/27 levels left

rFire    + . .     SeeInvis .   e - +2 rapier (flame)
rCold    x . .     Gourm    +   (no shield)
rNeg     . . .     Faith    .   k - +2 robe
rPois    +         Spirit   .   (helmet restricted)
rElec    .         Reflect  .   o - scarf {cloud immunity}
rCorr    .         Harm     .   j - +0 pair of gloves
MR       .....                  (boots unavailable)
Stlth    ..........             z - amulet of the gourmand
HPRegen  0.22/turn              n - ring of fire
MPRegen  0.19/turn              s - ring of poison resistance

@: berserking, very quick
A: beak, talons 3, able to fly 1
a: Fly


You were on level 7 of the Dungeon.
You were full.

You visited 2 branches of the dungeon, and saw 9 of its levels.

You collected 343 gold pieces.

Inventory:

Hand Weapons
 e - a +2 rapier of flaming (weapon)
Missiles
 d - 3 poisoned tomahawks (quivered)
Armour
 a - a +0 robe
 h - a +0 pair of boots
 j - a +0 pair of gloves (worn)
 k - a +2 robe (worn)
 o - a scarf of cloud immunity (worn)
Jewellery
 n - a ring of fire (left hand)
 s - a ring of poison resistance (right hand)
 z - an amulet of the gourmand (around neck)
Wands
 y - a wand of acid (7)
 C - a wand of disintegration (16)
 E - a wand of iceblast (10)
 F - a wand of digging (16)
 G - a wand of enslavement (15)
Scrolls
 f - a scroll of magic mapping
 g - a scroll of immolation
 i - 2 scrolls of fog
 m - a scroll of teleportation {unknown}
 r - 4 scrolls of identify
 v - a scroll of random uselessness {unknown}
 A - a scroll of remove curse
 B - a scroll of enchant weapon {unknown}
 D - 3 scrolls of enchant armour {unknown}
Potions
 p - a potion of berserk rage
 t - 3 potions of agility
 u - a potion of mutation {unknown}
 w - a potion of heal wounds {unknown}
 x - a potion of haste {unknown}
Books
 b - a book of Air

   Spells                             Type                      Level
   a - Shock                          Conjuration/Air              1
   b - Swiftness                      Charms/Air                   2
   c - Static Discharge               Conjuration/Air              3
   d - Airstrike                      Air                          4
   e - Lightning Bolt                 Conjuration/Air              5
Comestibles
 c - 9 rations


   Skills:
 * Level 3.9 Dodging
 - Level 2.0 Stealth
 - Level 9.1 Spellcasting
 + Level 9.4 Conjurations
 + Level 10.1 Air Magic


You had 17 spell levels left.
You knew the following spells:

 Your Spells              Type           Power        Failure   Level  Hunger
a - Shock                 Conj/Air       ####         1%          1    None
b - Airstrike             Air            #####.....   1%          4    ###....
c - Lightning Bolt        Conj/Air       #####.....   4%          5    #####..


Dungeon Overview and Level Annotations

Branches:
Dungeon (8/15)             Temple (1/1) D:6
   Lair: D:8-11

Altars:
Dithmenos
Fedhas
Gozag
Kikubaaqudgha
Nemelex Xobeh
Qazlal
Sif Muna
Uskayaw
Xom
Zin
The Shining One
Jiyva


Innate Abilities, Weirdness & Mutations

You have a beak for a mouth.
You have claws for feet.
You can fly.


Message History

The bullfrog hits you but does no damage.
You climb upwards.
There is a stone staircase leading down here.
It was a potion of berserk rage.
A red film seems to cover your vision as you go berserk!
You feel yourself moving faster!
You feel mighty! The bullfrog closely misses you.
The shadow imp barely misses you.
The bullfrog hits you but does no damage.
You puncture the bullfrog! You burn the bullfrog.
Your kick misses the bullfrog.
The bullfrog is severely wounded.
The shadow imp hits you but does no damage.
The bullfrog hits you.
* * * LOW HITPOINT WARNING * * *
You closely miss the bullfrog.
You kill the bullfrog!
The shadow imp hits you but does no damage.
You barely miss the shadow imp. Your peck misses the shadow imp.
The shadow imp hits you.
You die...

#.# #..#.# #.#
##...## #.# ##.#.#
#.# ##.## #.#
#>#.# #.# #.#
#.####.#.# #.# #.#
#........# #.#
##.## ######.###
#.# ##...###
#######.# #.#
###.......
........# #5#
#......#.#
#########
#@#######.........
#.†.........####.#
############# #.#
#.< ###


You could see a shadow imp.

Vanquished Creatures
  The ghost of Saeniel the Fighter, a novice MiBe of Trog (D:6)
  Psyche (D:8)
  The ghost of Litary the Skirmisher, a novice HuWn of Uskayaw (D:5)
  The ghost of Mrkan the Ruffian, an amateur DrTm (D:4)
  2 hippogriffs
  A water moccasin (D:5)
  Duvessa (D:7)
  An orc warrior (D:6)
  2 ice beasts
  A sky beast (D:6)
  A necrophage (D:7)
  3 ogres
  A centaur (D:5)
  3 bullfrogs
  A gnoll sergeant (D:7)
  Dowan (D:7)
  3 scorpions
  A centaur zombie (D:7)
  3 jellies
  3 hounds
  2 orc wizards (D:5)
  Jessica (D:2)
  A worker ant (D:7)
  A hound skeleton (D:4)
  12 adders
  8 gnolls
  2 river rats (D:4)
  An adder skeleton (D:6)
  7 worms
  6 leopard geckos
  15 orcs
  4 ball pythons
  9 bats
  10 giant cockroaches
  11 goblins
  11 hobgoblins
  8 jackals
  6 quokkas
  7 frilled lizards
  A jackal skeleton (D:7)
  8 kobolds
  A quokka skeleton (D:6)
  3 rats
167 creatures vanquished.

Notes
Turn   | Place    | Note
-------+----------+-------------------------------------------
     0 | D:1      | Nattfarinn the Tengu Air Elementalist began the quest for the Orb.
     0 | D:1      | Reached XP level 1. HP: 10/10 MP: 4/4
   150 | D:1      | Reached XP level 2. HP: 15/15 MP: 4/6
   536 | D:1      | Reached XP level 3. HP: 19/19 MP: 2/7
  1208 | D:2      | Found a sparkling altar of Nemelex Xobeh.
  1819 | D:2      | Reached XP level 4. HP: 24/24 MP: 2/9
  1894 | D:2      | Noticed Jessica
  2084 | D:1      | Learned a level 4 spell: Airstrike
  2091 | D:2      | Killed Jessica
  2205 | D:2      | Reached skill level 5 in Air Magic
  2472 | D:3      | Gained mutation: You can fly. [Tengu growth]
  2472 | D:3      | Reached XP level 5. HP: 27/28 MP: 5/11
  2726 | D:3      | Found a glowing silver altar of Zin.
  3687 | D:4      | Reached XP level 6. HP: 32/32 MP: 2/13
  3893 | D:4      | Noticed Mrkan's ghost (amateur DrTm)
  4461 | D:4      | Found a blossoming altar of Fedhas.
  5154 | D:5      | Entered Level 5 of the Dungeon
  5165 | D:5      | Reached skill level 5 in Spellcasting
  5165 | D:5      | Reached skill level 6 in Air Magic
  5165 | D:5      | Reached XP level 7. HP: 36/36 MP: 7/15
  5311 | D:5      | Reached skill level 5 in Conjurations
  5415 | D:5      | Noticed Litary's ghost (novice HuWn)
  6111 | D:4      | Killed Mrkan's ghost
  6111 | D:4      | Reached XP level 8. HP: 41/41 MP: 0/18
  6240 | D:5      | Reached skill level 7 in Air Magic
  7003 | D:5      | Killed Litary's ghost
  7592 | D:6      | Noticed Saeniel's ghost (novice MiBe)
  7659 | D:6      | Reached skill level 8 in Air Magic
  7931 | D:6      | Reached XP level 9. HP: 27/45 MP: 21/21
  8065 | D:6      | HP: 2/45 [Saeniel's ghost (11)]
  8379 | D:5      | Learned a level 5 spell: Lightning Bolt
  8494 | D:6      | Found a staircase to the Ecumenical Temple.
  8568 | Temple   | Entered the Ecumenical Temple
  8972 | D:6      | Killed Saeniel's ghost
  9211 | D:7      | Reached skill level 9 in Air Magic
  9771 | D:7      | Noticed Duvessa
  9876 | D:7      | Killed Duvessa
  9882 | D:7      | Noticed Dowan
  9988 | D:7      | Killed Dowan
 10925 | D:8      | Reached XP level 10. HP: 50/50 MP: 3/24
 11204 | D:8      | Noticed Psyche
 11208 | D:8      | Killed Psyche
 11208 | D:8      | Reached skill level 10 in Air Magic
 11212 | D:7      | HP: 3/75 [bullfrog (2)]
 11214 | D:7      | Slain by a shadow imp

Skill      XL: |  1  2  3  4  5  6  7  8  9 10 |
---------------+-------------------------------+-----
Conjurations   | 2 3 4 5 7 9 |  9.4
Spellcasting   | 3 4 5 6 7 9 |  9.1
Air Magic      | 5 6 8 9 10 | 10.1
Dodging        | 3 |  3.9
Stealth        | |  2.0

Action                   |  1- 3 |  4- 6 |  7- 9 | 10-12 || total
-------------------------+-------+-------+-------+-------++-------
Melee: Unarmed           |     9 |       |       |       ||     9
       Rapier            |       |    24 |    54 |     3 ||    81
       Peck              |       |     2 |     6 |       ||     8
       Kick              |       |     2 |    15 |     1 ||    18
Throw: Tomahawk          |       |     1 |       |       ||     1
 Cast: Shock             |    96 |   151 |    73 |       ||   320
       Airstrike         |       |     8 |    34 |     1 ||    43
       Lightning Bolt    |       |       |    47 |     7 ||    54
  Use: Potion            |     1 |     2 |     1 |     1 ||     5
       Scroll            |       |     2 |     3 |       ||     5
 Stab: Sleeping          |       |     1 |       |       ||     1
  Eat: Chunk             |     3 |    11 |    23 |       ||    37
       Ration            |       |       |     6 |       ||     6
Armor: Robe              |     7 |    17 |    25 |     4 ||    53
       Skin              |     6 |       |       |       ||     6
Dodge: Dodged            |    43 |    28 |    53 |     9 ||   133
